 Dungeon Crawl Stone Soup version 0.20.1-1-g8b1a95d (webtiles) character file.

333555 robertstho the Axe Maniac (level 20, -28/207 HPs)
             Began as a Minotaur Berserker on July 27, 2017.
             Was a High Priest of Trog.
             Annihilated by an ettin
             ... wielding a +3 dire flail
              (66 damage)
             ... on level 2 of the Vaults on July 28, 2017.
             The game lasted 04:24:29 (41437 turns).

robertstho the Axe Maniac (Minotaur Berserker)     Turns: 41437, Time: 04:24:29

Health: -28/207    AC: 30    Str: 28    XL:     20   Next: 92%
Magic:  6/6        EV: 18    Int:  6    God:    Trog [*****.]
Gold:   2787       SH:  4    Dex: 20    Spells: 19/19 levels left

rFire    + + +     SeeInvis .   Z - +9 executioner's axe (antimagic)
rCold    . . .     Gourm    .   (shield currently unavailable)
rNeg     + . .     Faith    .   D - +6 plate armour of the Turtledove {rF+ Str+2 Slay+3}
rPois    .         Spirit   .   (helmet restricted)
rElec    +         Reflect  +   Y - scarf {cloud immunity}
rCorr    .         Harm     .   p - +2 pair of gloves
MR       +++..                  M - +2 pair of boots
Stlth    ..........             G - amulet "Ypnoal" {Reflect Str+2 SH+4}
Regen    1.5/turn               z - ring of protection from fire
MPRegen  0.1/turn               i - ring "Nyfryr" {rElec rF+ rN+ Str-5}

@: mighty, agile, marked, berserk cooldown, regenerating, slowed, very slow
A: retaliatory headbutt, horns 2
}: 2/15 runes: serpentine, barnacled
a: Berserk, Trog's Hand, Brothers in Arms, Burn Spellbooks, Renounce Religion


You were on level 2 of the Vaults.
You worshipped Trog.
Trog was extremely pleased with you.
You were not hungry.

You visited 8 branches of the dungeon, and saw 36 of its levels.
You visited 1 bazaar.
You also visited: Ice Cave and Desolation.

You collected 3530 gold pieces.
You spent 743 gold pieces at shops.

Inventory:

Hand Weapons
 P - a +7 broad axe of chopping
 T - a +5 hand axe of flaming
 Z - a +9 antimagic executioner's axe (weapon)
Missiles
 F - 70 tomahawks (quivered)
Armour
 p - a +2 pair of gloves (worn)
 D - the +6 plate armour of the Turtledove (worn) {rF+ Str+2 Slay+3}
   (You found it in the Desolation of Salt)

   It affects your strength (+2).
   It affects your accuracy and damage with ranged weapons and melee attacks
   (+3).
   It protects you from fire.
 M - a +2 pair of boots (worn)
 O - +6 storm dragon scales {Bai Suzhen}
 V - a +0 shield of reflection
 Y - a scarf of cloud immunity (worn)
Jewellery
 i - the ring "Nyfryr" (right hand) {rElec rF+ rN+ Str-5}
   (You found it in the Desolation of Salt)

   [ring of positive energy]

   It affects your strength (-5).
   It protects you from fire.
   It insulates you from electricity.
   It protects you from negative energy.
 o - an uncursed ring of see invisible
 v - an uncursed amulet of regeneration
 y - the ring "Ecwir" {rN+ Str+4}
   (You found it on level 1 of the Shoals)

   [ring of positive energy]

   It affects your strength (+4).
   It protects you from negative energy.
 z - a ring of protection from fire (left hand)
 G - the amulet "Ypnoal" (around neck) {Reflect Str+2 SH+4}
   (You found it on level 1 of the Shoals)

   [amulet of reflection]

   It shields you and reflects attacks.
   It affects your strength (+2).
   It affects your SH (+4).
 J - a +4 ring of protection
 U - an uncursed ring of positive energy
Wands
 b - a wand of iceblast (11/15)
 k - a wand of acid (7/15)
 l - a wand of disintegration (15/24)
 r - a wand of scattershot (8/9)
 t - a wand of digging (7/24)
 u - a wand of digging (9/24)
 x - a wand of flame (48/48)
 H - a wand of polymorph (13/24)
 W - a wand of acid (6/15)
 X - a wand of clouds (5/9)
Scrolls
 a - 6 scrolls of teleportation
 d - 8 scrolls of identify
 j - a scroll of fog
 n - a scroll of blinking
 s - 2 scrolls of magic mapping
 A - a scroll of brand weapon
 B - 9 scrolls of fear
 K - 11 scrolls of remove curse
 L - a scroll of silence
 Q - 6 scrolls of holy word
 S - a scroll of summoning
Potions
 e - 9 potions of brilliance
 g - a potion of might
 h - 2 potions of resistance
 m - 4 potions of agility
 q - 5 potions of flight
 E - a potion of curing
 I - 5 potions of cancellation
Miscellaneous
 w - 2 sacks of spiders
 N - 3 phantom mirrors
 R - a lamp of fire (inert)
Comestibles
 c - 13 bread rations
 f - 23 fruits


   Skills:
 * Level 24.5 Fighting
 O Level 27 Axes
 + Level 16.4 Armour
 + Level 7.2 Dodging
 - Level 0.3 Stealth
 + Level 11.5 Shields


You had 19 spell levels left.
You didn't know any spells.

Dungeon Overview and Level Annotations

Branches:
Dungeon (15/15)            Temple (0/1) D:6            Lair (6/6) D:10
 Shoals (4/4) Lair:3        Snake (4/4) Lair:3        Slime (1/5) Lair:6
    Orc (2/2) D:12            Elf (2/3) Orc:2        Vaults (2/5) D:13
 Depths (0/5) D:15
  Crypt: Vaults:2-3

Altars:
Ashenzari
Trog
Beogh
Jiyva

Shops:
Orc:2 :*([   Elf:2 %   Shoals:4 [   Snake:1 =


Innate Abilities, Weirdness & Mutations

You reflexively headbutt those who attack you in melee.
You have a pair of horns on your head.


Message History

The vault sentinel blows a loud note on a signal horn!
The ettin hits your troll with an enchanted dire flail!!!
The ettin hits your troll with a great mace!!!
Your troll dies!
Your troll's corpse disappears in a puff of smoke!
The ettin shouts in stereo!
Evoke which item? (* to show all) (? for menu, Esc to quit)
Aim the lamp in which direction?
Press: ? - help, Dir - move target cursor, f - vault sentinel, p - sphinx
Aim: a vault sentinel, wielding a long sword and wearing a ring mail The flames dance!
The trail of fire hits the ettin.
The ettin is severely wounded.
The trail of fire hits the yaktaur captain.
The yaktaur captain is lightly wounded.
The trail of fire hits the storm dragon.
The storm dragon is lightly wounded.
The trail of fire hits the vault sentinel.
The vault sentinel is lightly wounded.
The ettin hits you with an enchanted dire flail!!!
You die...

......#..##......#
#...#..#.
......#..##......#
#.....#..
......cD.##......#
#.....#..
#Cp##'########..#..###
#).##........'...####.
#.)##........#......#.
#.p##........'..#...#.
#cHT#)§......#.....#..
#pDcC@§.H....'........
#.C##........#........
#..##################.
#..# #. #..# #. '..#
#. .#..# #. #..# #.
#..# ##


You could see a storm dragon, 2 sphinxes, a yaktaur captain, 2 ettins, a deep
troll, 2 vault sentinels and a yaktaur.

Vanquished Creatures
  Bai Suzhen (Shoals:4)
  Jorgrun (Elf:2)
  The ghost of Zdeegee the Peltast, an adept MiFi of Okawaru (Snake:4)
  Asterion (Elf:1)
  A deep elf blademaster (Elf:2)
  Polyphemus (Shoals:3)
  Agnes (Elf:2)
  A tengu reaver (Vaults:2)
  15 nagarajas
  Donald (Shoals:4)
  Ilsuiw (Shoals:4)
  2 fire giants (Vaults:2)
  A frost giant (Vaults:2)
  3 vault wardens
  A deep elf sorcerer (Elf:2)
  3 imperial myrmidons (Desolation)
  Aizul (Vaults:1)
  4 ironheart preservers
  A war gargoyle (Vaults:2)
  5 stone giants
  A deep elf demonologist (Elf:1)
  Azrael (Orc:2)
  5 dire elephants (Lair:6)
  2 halazid warlocks (Desolation)
  3 merfolk javelineers
  3 ettins
  A crystal guardian (Desolation)
  11 merfolk impalers
  A yaktaur captain (Vaults:2)
  6 ragged hierophants (Desolation)
  A fire dragon (Vaults:1)
  The ghost of landyin the Severer, a journeyman MiBe of Trog (Snake:1)
  8 peacekeepers (Desolation)
  3 ogre magi
  8 vault guards (Vaults:2)
  A great orb of eyes (Vaults:1)
  5 servants of whispers (Desolation)
  7 hydras
  15 naga warriors
  A merfolk avatar (Shoals:4)
  3 centaur warriors
  3 ice dragons
  29 anacondas
  10 two-headed ogres
  The ghost of Zdeegee the Cudgeler, a novice TrAs of Dithmenos (D:8)
  2 death knights (Vaults:2)
  2 alligator snapping turtles (Shoals:4)
  25 dancing weapons
  5 merfolk aquamancers
  An alligator (shapeshifter) (Vaults:1)
  A satyr (Shoals:4)
  12 death yaks
  3 tengu warriors (D:15)
  19 naga sharpshooters
  A deep troll earth mage (Vaults:1)
  An orc high priest (Orc:1)
  11 shock serpents
  11 deep elf knights
  A fire crab (Lair:6)
  A shadow wraith (Vaults:2)
  A salamander mystic (Snake:3)
  6 skeletal warriors
  4 deep trolls
  An unseen horror (Vaults:1)
  7 sea snakes
  11 ironbrand convokers
  9 naga ritualists
  A necromancer (Vaults:1)
  A flayed ghost (Vaults:2)
  3 deep elf archers
  A harpy (shapeshifter) (Vaults:1)
  8 orc knights
  7 mana vipers
  12 harpies
  13 salamanders
  4 orc sorcerers
  19 cyclopes
  2 wolf spiders
  33 deep elf magi
  9 fauns
  19 manticores
  2 ugly things
  10 merfolk sirens
  5 elephants (Lair:6)
  19 naga magi
  2 centaur zombies
  2 ice statues (IceCv)
  6 water nymphs
  A water nymph (shapeshifter) (Vaults:1)
  39 black mambas
  16 guardian serpents
  A torpor snail (Lair:2)
  8 vault sentinels
  A molten gargoyle (Desolation)
  2 centaur skeletons
  A gargoyle (D:14)
  4 spiny frogs
  10 yaktaurs
  A yaktaur zombie (Vaults:1)
  A komodo dragon (shapeshifter) (D:14)
  8 ice devils (IceCv)
  2 rime drakes (Lair:4)
  13 komodo dragons
  An efreet (D:14)
  5 freezing wraiths
  29 merfolk
  3 polar bears
  7 trolls
  9 slime creatures
  60 saltlings (Desolation)
  5 wind drakes
  2 hornets
  12 blink frogs
  5 dream sheep
  Prince Ribbit (D:5)
  14 hippogriffs
  12 snapping turtles
  2 air elementals (Elf:2)
  A spriggan (shapeshifter) (Elf:1)
  9 water elementals
  2 wraiths
  2 wyverns
  A steam dragon (D:10)
  40 yaks
  4 basilisks
  3 fire elementals
  7 vampire mosquitoes
  Menkaure (D:6)
  58 nagas
  5 wargs
  An acid dragon (D:14)
  18 water moccasins
  2 human skeletons (Vaults:1)
  7 porcupines
  6 hell hounds (Orc:2)
  28 orc warriors
  5 sky beasts
  2 ice beasts
  4 black bears
  A necrophage (D:11)
  10 wolves
  11 ogres
  An ogre (shapeshifter) (D:15)
  5 centaurs
  A phantom (D:13)
  7 crocodiles
  4 big kobolds
  Blork the orc (D:5)
  13 bullfrogs
  2 earth elementals (Elf:2)
  3 scorpions
  9 killer bees
  14 wights
  4 electric eels
  7 crimson imps
  3 quasits
  4 bullfrog skeletons
  4 hounds
  A jelly (D:11)
  A human simulacrum (Vaults:1)
  12 orc priests
  Jessica (D:2)
  23 orc wizards
  An iguana (D:4)
  7 worker ants
  2 hound zombies
  A worker ant zombie (D:6)
  A howler monkey zombie (D:4)
  8 gnolls
  A howler monkey skeleton (D:11)
  13 adders
  2 shadow imps
  7 white imps (IceCv)
  3 ufetubi (IceCv)
  An adder skeleton (D:5)
  4 worms
  8 leopard geckos
  72 orcs
  A ball python (D:1)
  7 bats
  4 giant cockroaches
  10 hobgoblins
  11 jackals
  6 quokkas
  6 frilled lizards
  9 goblins
  16 kobolds
  A leopard gecko skeleton (D:5)
  11 rats
  6 fungi
  2 pillars of salt (Vaults:2)
  6 plants
1339 creatures vanquished.

Vanquished Creatures (collateral kills)
  A reaper (IceCv)
  An ettin (Orc:2)
  A merfolk impaler (Shoals:4)
  A great orb of eyes (D:14)
  A deep elf high priest (Elf:2)
  A catoblepas (Shoals:3)
  An ice dragon (D:14)
  A merfolk aquamancer (Shoals:4)
  2 dancing weapons (Elf:2)
  A two-headed ogre (D:8)
  3 satyrs
  2 death yaks (Shoals:3)
  2 sea snakes (Shoals:4)
  An ironbrand convoker (Vaults:2)
  3 fauns (Shoals:3)
  A cyclops (D:14)
  3 manticores
  A centaur zombie (D:13)
  2 merfolk sirens (Shoals:3)
  A black mamba (Snake:4)
  A spiny frog (shapeshifter) (D:13)
  3 ice devils (IceCv)
  4 merfolk
  A wind drake (Shoals:4)
  A slime creature (D:14)
  3 snapping turtles
  A shadow (D:14)
  2 water elementals (Shoals:3)
  An orc warrior (D:13)
  3 howler monkeys (D:13)
  A hound (D:8)
  A jelly (D:13)
  An iguana (D:13)
  An ufetubus (IceCv)
54 creatures vanquished.

Vanquished Creatures (others)
  A naga warrior (Snake:4)
  A satyr (Shoals:3)
  A shadow wraith (Vaults:1)
  A faun (Shoals:3)
  2 centaurs (Shoals:4)
  3 white imps (IceCv)
  5 ufetubi (IceCv)
  A ball lightning (Lair:6)
  2 bushes (Lair:6)
  15 fungi
  11 pillars of salt (Vaults:2)
  25 plants
68 creatures vanquished.

Grand Total: 1461 creatures vanquished

Notes
Turn   | Place    | Note
-------+----------+-------------------------------------------
     0 | D:1      | robertstho the Minotaur Berserker began the quest for the Orb.
     0 | D:1      | Reached XP level 1. HP: 19/19 MP: 0/0
   278 | D:1      | Reached XP level 2. HP: 27/27 MP: 1/1
   311 | D:1      | Reached skill level 4 in Axes
   977 | D:2      | Reached ** piety under Trog
   977 | D:2      | Reached XP level 3. HP: 33/33 MP: 2/2
  1571 | D:2      | Noticed Jessica
  1583 | D:2      | Killed Jessica
  1583 | D:2      | Reached skill level 5 in Axes
  1583 | D:2      | Reached XP level 4. HP: 41/41 MP: 3/3
  1896 | D:3      | Reached XP level 5. HP: 47/47 MP: 4/4
  1917 | D:3      | Reached *** piety under Trog
  2363 | D:4      | Reached skill level 6 in Axes
  2368 | D:4      | Noticed an ogre
  2373 | D:4      | Killed an ogre
  2373 | D:4      | Reached XP level 6. HP: 43/55 MP: 5/5
  2394 | D:4      | Reached skill level 5 in Fighting
  2950 | D:5      | Entered Level 5 of the Dungeon
  2980 | D:5      | Reached skill level 7 in Axes
  3087 | D:5      | Reached XP level 7. HP: 61/61 MP: 6/6
  3270 | D:5      | Reached skill level 8 in Axes
  3449 | D:5      | Noticed Blork the orc
  3455 | D:5      | Killed Blork the orc
  3513 | D:5      | Noticed Prince Ribbit
  3561 | D:5      | Killed Prince Ribbit
  3561 | D:5      | Reached **** piety under Trog
  3561 | D:5      | Reached skill level 9 in Axes
  3561 | D:5      | Reached XP level 8. HP: 24/71 MP: 7/7
  4305 | D:6      | Reached skill level 10 in Axes
  4327 | D:6      | Reached skill level 5 in Armour
  4405 | D:6      | Noticed Menkaure
  4410 | D:6      | Killed Menkaure
  4520 | D:6      | Found a staircase to the Ecumenical Temple.
  5075 | D:7      | Reached skill level 11 in Axes
  5437 | D:8      | Reached XP level 9. HP: 73/79 MP: 8/8
  5515 | D:8      | Noticed a two-headed ogre
  5524 | D:8      | Killed a two-headed ogre
  5524 | D:8      | Reached skill level 12 in Axes
  5537 | D:8      | Noticed a two-headed ogre
  5545 | D:8      | Killed a two-headed ogre
  5573 | D:8      | Noticed a two-headed ogre
  5583 | D:8      | Killed a two-headed ogre
  5583 | D:8      | Reached skill level 13 in Axes
  5605 | D:8      | Reached XP level 10. HP: 45/91 MP: 9/9
  5791 | D:8      | Noticed Zdeegee's ghost (novice TrAs)
  5812 | D:8      | Killed Zdeegee's ghost
  6204 | D:9      | Reached skill level 14 in Axes
  6216 | D:9      | Reached skill level 10 in Fighting
  6672 | D:10     | Entered Level 10 of the Dungeon
  7068 | D:10     | Reached XP level 11. HP: 91/101 MP: 10/10
  7073 | D:10     | Reached skill level 15 in Axes
  7280 | D:10     | Reached ***** piety under Trog
  7525 | D:10     | Found a staircase to the Lair.
  7818 | D:11     | Noticed a white ugly thing
  7832 | D:11     | Killed a white ugly thing
  7914 | D:11     | Received a gift from Trog
  7951 | D:11     | Reached skill level 16 in Axes
  8045 | D:11     | Noticed a two-headed ogre
  8053 | D:11     | Killed a two-headed ogre
  8166 | D:11     | You fall through a shaft!
  8272 | D:12     | Noticed a white ugly thing
  8278 | D:12     | Killed a white ugly thing
  8334 | D:12     | Found a staircase to the Orcish Mines.
  8521 | D:12     | Received a gift from Trog
  8557 | D:12     | Noticed a three-headed hydra
  8562 | D:12     | Killed a one-headed hydra
  9061 | D:13     | Noticed an enchanted long sword
  9065 | D:13     | Reached XP level 12. HP: 99/112 MP: 11/11
  9082 | D:13     | Reached skill level 17 in Axes
  9135 | D:13     | Found a gate to the Vaults.
  9364 | D:13     | Found a gateway to a bazaar.
  9372 | Bazaar   | Entered a bazaar
  9373 | Bazaar   | Found Vuaqikhli's Food Emporium.
  9373 | Bazaar   | Found Tanafof's Weapon Emporium.
  9374 | Bazaar   | Found Elah Aqa's Jewellery Shop.
  9391 | Bazaar   | Bought an uncursed ring of positive energy for 180 gold pieces
  9405 | Bazaar   | Found Fedy's Armour Boutique.
  9484 | D:13     | Found a bloodstained altar of Trog.
  9553 | D:13     | Noticed a centaur warrior
  9578 | D:13     | Killed a centaur warrior
 10158 | D:14     | Noticed an ice dragon
 10160 | D:14     | Noticed a great orb of eyes
 10172 | D:14     | Reached skill level 10 in Armour
 10190 | D:14     | Killed an ice dragon
 10193 | D:14     | Killed a great orb of eyes
 10239 | D:14     | Noticed a six-headed hydra
 10248 | D:14     | Killed a one-headed hydra
 10295 | D:14     | You fall through a shaft!
 10295 | D:15     | Entered Level 15 of the Dungeon
 10562 | D:14     | Reached skill level 5 in Dodging
 10914 | D:15     | Noticed a two-headed ogre
 10923 | D:15     | Killed a two-headed ogre
 10923 | D:15     | Reached XP level 13. HP: 99/124 MP: 12/12
 11085 | D:15     | Reached skill level 18 in Axes
 11087 | D:15     | Found a shattered altar of Ashenzari.
 11362 | D:15     | Noticed an ettin
 11370 | D:15     | Killed an ettin
 11441 | D:15     | Found a staircase to the Depths.
 11583 | D:15     | Reached skill level 15 in Fighting
 12134 | Lair:1   | Entered Level 1 of the Lair of Beasts
 12184 | Lair:1   | Reached skill level 1 in Shields
 13132 | Lair:2   | Found a frozen archway.
 13141 | IceCv    | Entered an ice cave
 13540 | IceCv    | Received a gift from Trog
 13601 | IceCv    | Noticed a reaper
 13604 | IceCv    | Killed a reaper
 13652 | IceCv    | Got a bone demon whip
 13653 | IceCv    | Identified the cursed +2 demon whip of Immorality {venom, Dex+3} (You found it in an ice cave)
 13957 | Lair:2   | Reached skill level 19 in Axes
 13957 | Lair:2   | Reached XP level 14. HP: 124/136 MP: 4/13
 14476 | Lair:3   | Found a staircase to the Shoals.
 14752 | Lair:3   | Found a staircase to the Snake Pit.
 15322 | Lair:4   | Identified the Papyrus of Enchantment and the Glacier
 15998 | Lair:5   | Received a gift from Trog
 16042 | Lair:5   | Reached skill level 20 in Axes
 16615 | Lair:6   | Entered Level 6 of the Lair of Beasts
 16813 | Lair:6   | Found a staircase to the Slime Pits.
 16816 | Lair:6   | Found a viscous altar of Jiyva.
 17520 | Lair:6   | Reached XP level 15. HP: 70/146 MP: 4/14
 17893 | Orc:1    | Entered Level 1 of the Orcish Mines
 17914 | Orc:1    | Reached skill level 21 in Axes
 18090 | Orc:1    | Received a gift from Trog
 18256 | Orc:1    | Found a runed door.
 18470 | Orc:1    | Found a roughly hewn altar of Beogh.
 18515 | Orc:2    | Entered Level 2 of the Orcish Mines
 18515 | Orc:2    | Found Ofituif's Antique Weapon Shoppe.
 18675 | Orc:2    | Found Refregin's Antique Armour Shop.
 19025 | Orc:2    | Found Neac's General Store.
 19027 | Orc:2    | Noticed Azrael
 19036 | Orc:2    | Killed Azrael
 19118 | Orc:2    | Bought a scroll of recharging for 123 gold pieces
 19213 | Orc:2    | Paralysed by an orc sorcerer for 2 turns
 19228 | Orc:2    | Found Wyraog's Book Shop.
 19279 | Orc:2    | Found a staircase to the Elven Halls.
 19852 | Shoals:1 | Entered Level 1 of the Shoals
 19860 | Shoals:1 | Found a transporter.
 21514 | Shoals:3 | Reached ****** piety under Trog
 21748 | Shoals:3 | Noticed Polyphemus
 21762 | Shoals:3 | Killed Polyphemus
 21762 | Shoals:3 | Reached skill level 5 in Shields
 21787 | Shoals:3 | Received a gift from Trog
 21888 | Shoals:3 | Reached skill level 22 in Axes
 21943 | Shoals:3 | Reached XP level 16. HP: 128/157 MP: 15/15
 22778 | Shoals:4 | Entered Level 4 of the Shoals
 22778 | Shoals:4 | Noticed Bai Suzhen
 22788 | Shoals:4 | Killed Bai Suzhen
 22805 | Shoals:4 | Noticed Donald
 22840 | Shoals:4 | Killed Donald
 23662 | Shoals:4 | Found Ryciatua's Armour Shoppe.
 24705 | Shoals:4 | Received a gift from Trog
 25109 | Shoals:4 | Noticed Ilsuiw
 25180 | Shoals:4 | Killed Ilsuiw
 25375 | Shoals:4 | Got a barnacled rune of Zot
 25547 | Shoals:1 | Found a transporter.
 25669 | Shoals:1 | Got a brightly glowing bronze amulet
 25670 | Shoals:1 | Identified the amulet "Ypnoal" {Reflect Str+2 SH+4} (You found it on level 1 of the Shoals)
 25687 | Shoals:1 | Got a clouded pewter ring
 25689 | Shoals:1 | Identified the ring "Ecwir" {rN+ Str+4} (You found it on level 1 of the Shoals)
 25927 | Shoals:1 | Reached XP level 17. HP: 168/168 MP: 16/16
 26281 | Elf:1    | Entered Level 1 of the Elven Halls
 26735 | Elf:1    | Noticed Asterion
 27181 | Elf:2    | Reached skill level 10 in Shields
 27240 | Elf:2    | Noticed Agnes
 27249 | Elf:2    | Killed Agnes
 27641 | Elf:2    | Found Jaturani's Food Boutique.
 28087 | Elf:2    | Found a runed gate.
 28087 | Elf:2    | Found a runed gate.
 28088 | Elf:2    | Found a runed gate.
 28091 | Elf:2    | Reached skill level 23 in Axes
 28168 | Elf:2    | Noticed Jorgrun
 28178 | Elf:2    | Killed Jorgrun
 28421 | Elf:2    | Noticed a deep elf blademaster
 28440 | Elf:2    | Killed a deep elf blademaster
 29993 | Elf:1    | Killed Asterion
 30264 | Snake:1  | Entered Level 1 of the Snake Pit
 30267 | Snake:1  | Found Ruvaibbu's Jewellery Shop.
 30288 | Snake:1  | Bought an uncursed ring of see invisible for 165 gold pieces
 30288 | Snake:1  | Bought an uncursed ring of protection from fire for 275 gold pieces
 30547 | Snake:1  | Reached skill level 24 in Axes
 30547 | Snake:1  | Reached XP level 18. HP: 180/180 MP: 5/17
 30651 | Snake:1  | Noticed landyin's ghost (journeyman MiBe)
 30662 | Snake:1  | Killed landyin's ghost
 30938 | Snake:1  | Reached skill level 15 in Armour
 33016 | Snake:3  | Received a gift from Trog
 33226 | Snake:3  | Reached skill level 25 in Axes
 33671 | Snake:4  | Entered Level 4 of the Snake Pit
 33680 | Snake:4  | Noticed Zdeegee's ghost (adept MiFi)
 33703 | Snake:4  | Killed Zdeegee's ghost
 34738 | Snake:4  | Reached XP level 19. HP: 190/190 MP: 6/18
 34794 | Snake:4  | Received a gift from Trog
 35826 | Snake:4  | Reached skill level 26 in Axes
 35956 | Snake:4  | Received a gift from Trog
 36317 | Snake:4  | Got a serpentine rune of Zot
 36758 | Slime:1  | Entered Level 1 of the Pits of Slime
 37209 | Vaults:1 | Entered Level 1 of the Vaults
 38224 | Vaults:1 | Noticed Aizul
 38235 | Vaults:1 | Killed Aizul
 38784 | Vaults:1 | Received a gift from Trog
 38891 | Vaults:2 | Reached XP level 20. HP: 198/198 MP: 6/19
 39315 | Vaults:2 | Found a ruined gateway.
 39324 | Desolati | Entered the Desolation of Salt
 39777 | Desolati | Got a smoking plate armour
 39794 | Desolati | Identified the +6 plate armour of the Turtledove {rF+ Str+2 Slay+3} (You found it in the Desolation of Salt)
 39893 | Desolati | Identified the ring "Nyfryr" {rElec rF+ rN+ Str-5} (You found it in the Desolation of Salt)
 40002 | Desolati | Reached skill level 27 in Axes
 40003 | Desolati | Received a gift from Trog
 41178 | Vaults:2 | Received a gift from Trog
 41437 | Vaults:2 | Annihilated by an ettin

Skill      XL: |  1  2  3  4  5  6  7  8  9 10 11 12 13 14 15 16 17 18 19 20 |
---------------+-------------------------------------------------------------+-----
Fighting       | 4 5 6 7 9 10 12 14 15 16 18 19 20 21 22 24 | 24.5
Axes           | 4 5 6 7 9 11 13 14 16 17 19 20 22 24 25 26 27 | 27.0
Armour         | 3 4 5 6 8 9 10 12 13 14 15 16 | 16.4
Dodging        | 3 4 5 6 7 |  7.2
Shields        | 3 6 9 10 11 | 11.5
Stealth        | |  0.3

Action                   |  1- 3 |  4- 6 |  7- 9 | 10-12 | 13-15 | 16-18 | 19-21 || total
-------------------------+-------+-------+-------+-------+-------+-------+-------++-------
Melee: Hand axe          |    91 |    41 |       |   229 |   662 |   180 |       ||  1203
       Headbutt          |    12 |    19 |    41 |   140 |   276 |   269 |   215 ||   972
       Broad axe         |       |   100 |   197 |   291 |       |   361 |       ||   949
       War axe           |       |       |       |    61 |       |       |       ||    61
       Executioner's axe |       |       |       |       |   472 |   595 |   726 ||  1793
       Battleaxe         |       |       |       |       |    12 |       |       ||    12
Throw: Tomahawk          |       |       |       |     1 |       |       |       ||     1
Invok: Berserk           |     2 |     2 |     4 |     5 |    14 |    24 |    10 ||    61
       Trog's Hand       |       |     2 |     3 |     8 |    16 |    44 |    22 ||    95
       Burn Spellbooks   |       |       |     1 |     6 |     3 |     4 |     2 ||    16
       Brothers in Arms  |       |       |     1 |     3 |     4 |    11 |     3 ||    22
Evoke: Lamp of fire      |       |       |       |       |       |       |     1 ||     1
  Use: Scroll            |       |     5 |     2 |    14 |    25 |    15 |     5 ||    66
       Potion            |       |       |     2 |     7 |     1 |    26 |     6 ||    42
 Stab: Distracted        |       |       |       |       |       |     1 |       ||     1
  Eat: Chunk             |     3 |     8 |    10 |    21 |    37 |    33 |    14 ||   126
       Bread ration      |       |       |     1 |       |       |     1 |     4 ||     6
       Royal jelly       |       |       |       |     2 |     4 |     8 |       ||    14
       Fruit             |       |       |       |       |     2 |    11 |     5 ||    18
       Meat ration       |       |       |       |       |     2 |     5 |     1 ||     8
Armor: Animal skin       |     6 |       |       |       |       |       |       ||     6
       Ring mail         |    19 |    58 |    53 |       |       |       |       ||   130
       Chain mail        |       |       |    49 |   315 |       |       |       ||   364
       Plate armour      |       |       |       |     6 |   706 |    72 |   116 ||   900
       Storm dragon scal |       |       |       |       |       |   609 |   293 ||   902
Dodge: Dodged            |    61 |    90 |    99 |   266 |   375 |   427 |   319 ||  1637
Block: Large shield      |       |       |       |       |   284 |   146 |       ||   430
       Buckler           |       |       |       |       |     3 |       |       ||     3
       Reflection        |       |       |       |       |    16 |    71 |     5 ||    92
       Shield            |       |       |       |       |       |   241 |       ||   241
       Other             |       |       |       |       |       |    86 |   100 ||   186
